Monarchs vs Remparts
Created - February 23, 2020 at 20:54
Goals
|
| Monarchs |
5 |
3 |
1 |
9 |
| Remparts |
0 |
1 |
0 |
1 |
|
Shots
|
| Monarchs |
14 |
16 |
10 |
40 |
| Remparts |
9 |
14 |
5 |
28 |
|
1st period
1. Monarchs , JT Compher 11 (Mark Pysyk 18, Jason Missiaen) at 9:32
2. Monarchs , Nicolas Deslauriers 13 (Zach Trotman 9) at 10:50
3. Monarchs , JT Compher 12 (Anthony Mantha 10, Morgan Rielly 20) at 17:24
4. Monarchs , Max Domi 29 (Jimmy Hayes 26, Tim Schaller 36) at 19:02
5. Monarchs , Jimmy Hayes 22 (Tim Schaller 37, Griffin Reinhart 25) at 19:43 (PP)
Penalties :
Michal Jordan (Que) for Hooking (Minor) at 19:05
2nd period
6. Monarchs , Aaron Ekblad 6 (Brett Connolly 4, Nicolas Deslauriers 11) at 5:23
7. Remparts , Pontus Aberg 21 (Rickard Rakell 16, Max Reinhart 43) at 5:38
8. Monarchs , Chris Tierney 23 (Max Domi 44) at 18:11 (PP)
9. Monarchs , Luke Witkowski 23 (Mike Hoffman 4, Chase De Leo 3) at 19:09
Penalties :
JT Compher (MAN) for Hooking (Minor) at 6:54, Jimmy Hayes (MAN) for Roughing (Minor) at 9:10, Rickard Rakell (Que) for Delaying the game (Minor) at 16:41
3rd period
10. Monarchs , Jimmy Hayes 23 (Tim Schaller 38) at 7:24
Penalties :
William Colbert (Que) for Interference (Minor) at 2:31, Chase De Leo (MAN) for Tripping (Minor) at 14:54
Goalie Stats
Jason Missiaen (MAN), 27 saves from 28 shots - (0.964), W, 11-6-0, 60:00 minutes
Garret Sparks (Que), 22 saves from 27 shots - (0.815), L, 10-12-2, 39:53 minutes
Igor Bobkov (Que), 9 saves from 13 shots - (0.692), 20:07 minutes
Players Stats for Monarchs
Player Name G A P +/- PIM S H SB GA TA FO MP PP MP PK MP
------------------------------------------------------------------------------------
Aaron Ekblad 1 0 1 1 0 1 5 0 0 1 0/0 23:37 2:34 2:47
Anthony Mantha 0 1 1 1 0 5 1 0 0 0 2/2 17:15 2:34 1:16
Brett Connolly 0 1 1 2 0 1 0 0 0 0 0/0 7:21 0:00 0:00
Cedric Paquette 0 0 0 2 0 0 0 0 0 0 2/5 7:55 0:00 0:32
Chase De Leo 0 1 1 0 2 1 0 0 0 0 3/9 13:33 0:00 0:00
Chris Tierney 1 0 1 1 0 3 2 0 1 1 6/16 18:43 2:34 2:44
Griffin Reinhart 0 1 1 0 0 0 1 4 0 0 0/0 15:24 2:51 0:00
Jimmy Hayes 2 1 3 3 2 3 2 0 0 0 0/0 17:06 1:33 0:00
John Draeger 0 0 0 0 0 0 0 0 0 0 0/0 8:12 0:00 3:10
Josh Morrissey 0 0 0 0 0 1 1 2 0 0 0/0 12:13 0:00 0:00
JT Compher 2 0 2 1 2 4 0 0 1 0 1/2 15:03 1:33 0:00
Luke Witkowski 1 0 1 0 0 4 1 1 1 1 0/0 16:42 0:00 3:06
Mark Pysyk 0 1 1 1 0 0 1 3 1 2 0/0 21:52 1:16 3:10
Max Domi 1 1 2 3 0 5 0 0 1 0 1/2 17:56 2:34 0:00
Mike Hoffman 0 1 1 0 0 2 0 0 0 0 0/1 14:28 0:00 0:54
Morgan Rielly 0 1 1 5 0 0 1 1 0 1 0/0 15:41 1:16 0:00
Nicolas Deslauriers 1 1 2 2 0 2 1 0 0 0 0/0 9:10 0:00 1:41
Scott Mayfield 0 0 0 0 0 0 0 0 0 0 0/0 5:02 0:00 0:00
Tim Schaller 0 3 3 3 0 6 2 1 0 0 14/28 18:48 1:33 1:41
Zach Trotman 0 1 1 5 0 2 0 1 0 1 0/0 17:59 0:17 2:47
Players Stats for Remparts
Player Name G A P +/- PIM S H SB GA TA FO MP PP MP PK MP
------------------------------------------------------------------------------------
Brendan Perlini 0 0 0 0 0 2 1 0 0 0 0/0 16:57 2:51 0:00
Cédric Lalonde-McNicoll 0 0 0 -3 0 0 1 0 0 0 1/2 10:23 0:23 0:32
Guillaume Desbiens 0 0 0 0 0 1 1 0 1 0 0/0 17:29 2:51 0:32
Jake Virtanen 0 0 0 -2 0 1 1 0 0 0 0/2 9:56 0:00 1:09
Jonathan Matsumoto 0 0 0 0 0 0 1 0 0 1 10/15 16:57 2:51 0:00
Keaton Thompson 0 0 0 -1 0 0 1 0 0 0 0/0 14:50 2:35 0:13
Matt Puempel 0 0 0 -3 0 1 2 0 0 1 0/0 9:28 0:00 0:00
Max Reinhart 0 1 1 -1 0 0 2 1 2 0 23/39 23:08 2:33 3:00
Michal Jordan 0 0 0 -2 2 1 2 0 1 1 0/0 25:58 3:22 1:34
Nail Yakupov 0 0 0 -3 0 1 0 0 0 0 0/0 10:05 0:37 0:00
Nelson Nogier 0 0 0 -1 0 0 1 0 0 0 0/0 12:02 0:00 0:13
Niklas Hansson 0 0 0 -3 0 1 1 1 0 1 0/0 20:24 0:05 3:18
Pontus Aberg 1 0 1 -1 0 10 1 0 1 1 1/3 20:02 2:27 0:00
Rickard Rakell 0 1 1 -1 2 6 2 0 1 0 0/1 21:39 2:24 1:48
Roberts Lipsbergs 0 0 0 -2 0 0 1 0 0 0 0/1 10:17 0:17 1:13
Sam Reinhart 0 0 0 -2 0 1 1 0 0 0 1/2 9:31 0:37 0:00
Viktor Baldayev 0 0 0 -3 0 0 2 2 0 0 0/0 20:41 2:35 1:02
William Colbert 0 0 0 -2 2 3 6 2 1 0 0/0 26:03 3:17 1:54
3 Stars
1 - Jimmy Hayes (MAN)
2 - Tim Schaller (MAN)
3 - Max Domi (MAN)
Power Play
Monarchs - 2 on 3 Attempt(s) - 66.67%
Remparts - 0 on 3 Attempt(s) - 0.00%
Penalty Kill
Monarchs - 3 on 3 Attempt(s) - 100.00%
- Score 0 goal in Penalty Kill
Remparts - 1 on 3 Attempt(s) - 33.33%
- Score 0 goal in Penalty Kill
Team Stat
Monarchs - Hits : 18 - Faceoff Wins : 29 - Blocked Shots : 13 - Penalty Minutes : 6
Remparts - Hits : 27 - Faceoff Wins : 36 - Blocked Shots : 6 - Penalty Minutes : 6
Official
Referees : Unknown
Linesman : Unknown
Game Notes
Igor Bobkov enters game at 19:02 of 1st period
Garret Sparks enters game at 19:09 of 2nd period
Finance
Level 1 -- Attendance: 1739 (86.95%) -- Ticket Income $52,170
Level 2 -- Attendance: 704 (70.40%) -- Ticket Income $14,080
Total Attendance: 2443 (81.43%)
Total Ticket Income: $66,250
Other Income: $3,312
Total Income: $69,562
Monarchs
5 vs 5 Forward
Center Left Wing Right Wing Time % Phy DF OF
1 Tim Schaller Max Domi Jimmy Hayes 35 1 2 2
2 Chris Tierney JT Compher Anthony Mantha 30 1 2 2
3 Chase De Leo Mike Hoffman Luke Witkowski 30 1 2 2
4 Cedric Paquette Nicolas Deslauriers Brett Connolly 5 1 2 2
5 vs 5 Defense
Defense Defense Time % Phy DF OF
1 Mark Pysyk Aaron Ekblad 35 1 3 1
2 Zach Trotman Morgan Rielly 30 0 2 3
3 Josh Morrissey Griffin Reinhart 25 0 3 2
4 John Draeger Scott Mayfield 10 2 3 0
PowerPlay Forward
Center Left Wing Right Wing Time % Phy DF OF
1 Chris Tierney Max Domi Anthony Mantha 60 1 0 4
2 Tim Schaller JT Compher Jimmy Hayes 40 1 0 4
PowerPlay Defense
Defense Defense Time % Phy DF OF
1 Aaron Ekblad Griffin Reinhart 60 0 3 2
2 Mark Pysyk Morgan Rielly 40 0 3 2
Penalty Kill 4 Players Forward
Center Wing Time % Phy DF OF
1 Chris Tierney Luke Witkowski 60 1 3 1
2 Tim Schaller Nicolas Deslauriers 40 1 3 1
Penalty Kill 4 Players Defense
Defense Defense Time % Phy DF OF
1 John Draeger Mark Pysyk 60 1 4 0
2 Zach Trotman Aaron Ekblad 40 1 4 0
Penalty Kill - 3 Players Forward
Forward Time % Phy DF OF
1 Chris Tierney 60 1 3 1
2 Tim Schaller 40 1 3 1
Penalty Kill - 3 Players Defense
Defense Defense Time % Phy DF OF
1 John Draeger Mark Pysyk 60 1 4 0
2 Aaron Ekblad Zach Trotman 40 1 4 0
4 vs 4 Forward
Center Wing Time % Phy DF OF
1 Max Domi Anthony Mantha 60 1 2 2
2 Chris Tierney Jimmy Hayes 40 1 2 2
4 vs 4 Defense
Defense Defense Time % Phy DF OF
1 Aaron Ekblad Mark Pysyk 60 1 2 2
2 Zach Trotman Griffin Reinhart 40 1 2 2
Last Minutes Offensive
Center Left Wing Right Wing Defense Defense
Chris Tierney Max Domi Anthony Mantha Aaron Ekblad Morgan Rielly
Last Minutes Defensive
Center Left Wing Right Wing Defense Defense
Chris Tierney Nicolas Deslauriers Luke Witkowski Mark Pysyk Zach Trotman
Goaltenders
Starting : Jason Missiaen
Backup : Eric Comrie
Extra Forwards
Normal : Max Domi, Anthony Mantha, Chris Tierney - PP : Jimmy Hayes, Luke Witkowski - PK : Anthony Mantha
Extra Defensemen
Normal : Mark Pysyk, Aaron Ekblad, Morgan Rielly - PP : Zach Trotman - PK : Josh Morrissey, Griffin Reinhart
Penalty Shots
Mike Hoffman, Brett Connolly, Anthony Mantha, JT Compher, Tim Schaller
Scratches
Jonathan Huberdeau (Healthy), Jordan Schmaltz (Healthy), Joel Vermin (Healthy), Michael McCarron (Healthy), Jeff Petry (Healthy)
Anthony Peluso (Healthy), William Nylander (Healthy), Nick Schmaltz (Healthy), Gustav Forsling (Healthy)
Remparts
5 vs 5 Forward
Center Left Wing Right Wing Time % Phy DF OF
1 Max Reinhart Pontus Aberg Rickard Rakell 40 1 2 2
2 Jonathan Matsumoto Brendan Perlini Guillaume Desbiens 30 1 2 2
3 Cédric Lalonde-McNicoll Matt Puempel Nail Yakupov 20 1 2 2
4 Sam Reinhart Roberts Lipsbergs Jake Virtanen 10 1 2 2
5 vs 5 Defense
Defense Defense Time % Phy DF OF
1 William Colbert Michal Jordan 40 1 2 2
2 Viktor Baldayev Niklas Hansson 30 1 2 2
3 Keaton Thompson Nelson Nogier 20 1 2 2
4 William Colbert Michal Jordan 10 1 2 2
PowerPlay Forward
Center Left Wing Right Wing Time % Phy DF OF
1 Max Reinhart Pontus Aberg Rickard Rakell 60 1 2 2
2 Jonathan Matsumoto Brendan Perlini Guillaume Desbiens 40 1 2 2
PowerPlay Defense
Defense Defense Time % Phy DF OF
1 William Colbert Michal Jordan 60 1 2 2
2 Viktor Baldayev Keaton Thompson 40 1 2 2
Penalty Kill 4 Players Forward
Center Wing Time % Phy DF OF
1 Max Reinhart Rickard Rakell 60 1 2 2
2 Cédric Lalonde-McNicoll Guillaume Desbiens 40 1 2 2
Penalty Kill 4 Players Defense
Defense Defense Time % Phy DF OF
1 William Colbert Niklas Hansson 60 1 2 2
2 Michal Jordan Viktor Baldayev 40 1 2 2
Penalty Kill - 3 Players Forward
Forward Time % Phy DF OF
1 Max Reinhart 60 1 2 2
2 Rickard Rakell 40 1 2 2
Penalty Kill - 3 Players Defense
Defense Defense Time % Phy DF OF
1 William Colbert Niklas Hansson 60 1 2 2
2 Michal Jordan Viktor Baldayev 40 1 2 2
4 vs 4 Forward
Center Wing Time % Phy DF OF
1 Max Reinhart Rickard Rakell 60 1 2 2
2 Jonathan Matsumoto Pontus Aberg 40 1 2 2
4 vs 4 Defense
Defense Defense Time % Phy DF OF
1 William Colbert Michal Jordan 60 1 2 2
2 Viktor Baldayev Niklas Hansson 40 1 2 2
Last Minutes Offensive
Center Left Wing Right Wing Defense Defense
Max Reinhart Pontus Aberg Rickard Rakell Michal Jordan Niklas Hansson
Last Minutes Defensive
Center Left Wing Right Wing Defense Defense
Max Reinhart Pontus Aberg Rickard Rakell Michal Jordan Niklas Hansson
Goaltenders
Starting : Garret Sparks
Backup : Igor Bobkov
Extra Forwards
Normal : Sam Reinhart, Rickard Rakell, Max Reinhart - PP : Sam Reinhart, Rickard Rakell - PK : Jake Virtanen
Extra Defensemen
Normal : Viktor Baldayev, Niklas Hansson, Michal Jordan - PP : Niklas Hansson - PK : Michal Jordan, Niklas Hansson
Penalty Shots
Jonathan Matsumoto, Cédric Lalonde-McNicoll, Rickard Rakell, Pontus Aberg, Max Reinhart
Scratches
Juuso Ikonen (Healthy), Michael Downing (Healthy), Colin Smith (Healthy), Kyle Platzer (Healthy), Connor Honey (Healthy)
Anton Zlobin (Healthy), Mitchell Heard (Healthy), Tim Bozon (Healthy), Marek Langhamer (Healthy)
% Time on Ice - Monarchs
Lines # - Real PCT - Wanted PCT - Time Play
Normal Forward
1 - 31% - 35% - 15:24
2 - 27% - 30% - 13:37
3 - 27% - 30% - 13:34
4 - 15% - 5% - 7:21
Normal Defense
1 - 36% - 35% - 17:46
2 - 30% - 30% - 14:55
3 - 24% - 25% - 12:13
4 - 10% - 10% - 5:02
PP Forward
1 - 62% - 60% - 2:34
2 - 38% - 40% - 1:33
PP Defense
1 - 69% - 60% - 2:51
2 - 31% - 40% - 1:16
PK Forward
1 - 72% - 60% - 4:16
2 - 28% - 40% - 1:41
PK Defense
1 - 53% - 60% - 3:10
2 - 47% - 40% - 2:47
PK3 Forward
1 - 0% - 60%
2 - 0% - 40%
PK3 Defense
1 - 0% - 60%
2 - 0% - 40%
44 Forward
1 - 0% - 60%
2 - 0% - 40%
44 Defense
1 - 0% - 60%
2 - 0% - 40%
Last Minute Offensive - 0:00
Last Minute Defensive - 0:00
Total
Forward - 60:00
Defense - 60:00
|
% Time on Ice - Remparts
Lines # - Real PCT - Wanted PCT - Time Play
Normal Forward
1 - 35% - 40% - 17:35
2 - 28% - 30% - 14:06
3 - 19% - 20% - 9:28
4 - 18% - 10% - 8:47
Normal Defense
1 - 39% - 40% - 19:43
2 - 33% - 30% - 16:38
3 - 22% - 20% - 10:46
4 - 6% - 10% - 2:49
PP Forward
1 - 52% - 60% - 3:06
2 - 48% - 40% - 2:51
PP Defense
1 - 57% - 60% - 3:22
2 - 43% - 40% - 2:35
PK Forward
1 - 87% - 60% - 3:35
2 - 13% - 40% - 0:32
PK Defense
1 - 85% - 60% - 3:31
2 - 15% - 40% - 0:36
PK3 Forward
1 - 0% - 60%
2 - 0% - 40%
PK3 Defense
1 - 0% - 60%
2 - 0% - 40%
44 Forward
1 - 0% - 60%
2 - 0% - 40%
44 Defense
1 - 0% - 60%
2 - 0% - 40%
Last Minute Offensive - 0:00
Last Minute Defensive - 0:00
Total
Forward - 60:00
Defense - 60:00
|
Play-by-Play
1st period
0:01 of 1st period - Tim Schaller wins face-off versus Max Reinhart in neutral zone.
0:10 of 1st period - Mark Pysyk is hit by Rickard Rakell and loses puck.
0:30 of 1st period - Off-side.
0:31 of 1st period - JT Compher wins face-off versus Jonathan Matsumoto in neutral zone.
0:42 of 1st period - Wrist shot by Anthony Mantha.
0:42 of 1st period - Shot Misses the Net.
0:44 of 1st period - Slapshot by Zach Trotman.
0:44 of 1st period - Shot Misses the Net.
0:46 of 1st period - Wrist shot by Zach Trotman.
0:46 of 1st period - Stopped by Garret Sparks with a rebound.
1:01 of 1st period - Viktor Baldayev is hit by Griffin Reinhart and loses puck.
1:24 of 1st period - Snap shot by Pontus Aberg.
1:24 of 1st period - Shot Blocked by Josh Morrissey.
1:26 of 1st period - Slapshot by Viktor Baldayev.
1:26 of 1st period - Shot Blocked by Griffin Reinhart.
1:38 of 1st period - Jake Virtanen is hit by Jimmy Hayes.
1:50 of 1st period - Josh Morrissey is hit by Nelson Nogier and loses puck.
1:58 of 1st period - Icing by Tim Schaller.
1:59 of 1st period - Tim Schaller wins face-off versus Max Reinhart in Monarchs zone.
2:21 of 1st period - Off-side.
2:22 of 1st period - Jonathan Matsumoto wins face-off versus Chase De Leo in neutral zone.
4:40 of 1st period - Snap shot by Brett Connolly.
4:40 of 1st period - Shot Blocked by Max Reinhart.
4:58 of 1st period - Slapshot by Jake Virtanen.
4:58 of 1st period - Shot Misses the Net.
5:04 of 1st period - Snap shot by Sam Reinhart.
5:04 of 1st period - Shot Blocked by Josh Morrissey.
5:24 of 1st period - Backhand shot by Tim Schaller.
5:24 of 1st period - Deflect By Jimmy Hayes.
5:24 of 1st period - Shot Misses the Net.
5:24 of 1st period - Puck is out of play.
5:25 of 1st period - Jonathan Matsumoto wins face-off versus Chris Tierney in Remparts zone.
5:30 of 1st period - Snap shot by Anthony Mantha.
5:30 of 1st period - Stopped by Garret Sparks without a rebound.
5:31 of 1st period - Anthony Mantha wins face-off versus Pontus Aberg in Remparts zone.
5:36 of 1st period - Snap shot by Chris Tierney.
5:36 of 1st period - Stopped by Garret Sparks with a rebound.
5:38 of 1st period - Snap shot by Anthony Mantha.
5:38 of 1st period - Shot Blocked by William Colbert.
5:40 of 1st period - Slapshot by JT Compher.
5:40 of 1st period - Shot Misses the Net.
5:42 of 1st period - Slapshot by Zach Trotman.
5:42 of 1st period - Stopped by Garret Sparks without a rebound.
5:43 of 1st period - Max Reinhart wins face-off versus Chase De Leo in Remparts zone.
5:48 of 1st period - Chase De Leo is hit by Michal Jordan and loses puck.
6:29 of 1st period - Jimmy Hayes is hit by William Colbert and loses puck.
7:12 of 1st period - Slapshot by Nicolas Deslauriers.
7:12 of 1st period - Stopped by Garret Sparks without a rebound.
7:13 of 1st period - Cedric Paquette wins face-off versus Max Reinhart in Remparts zone.
7:38 of 1st period - Snap shot by Pontus Aberg.
7:38 of 1st period - Stopped by Jason Missiaen without a rebound.
7:39 of 1st period - Chris Tierney wins face-off versus Jonathan Matsumoto in Monarchs zone.
8:31 of 1st period - Snap shot by Pontus Aberg.
8:31 of 1st period - Shot Misses the Net.
8:33 of 1st period - Backhand shot by Pontus Aberg.
8:33 of 1st period - Shot Misses the Net.
9:21 of 1st period - Anthony Mantha is hit by William Colbert and loses puck.
9:32 of 1st period - Snap shot by JT Compher.
9:32 of 1st period - Goal by JT Compher - Monarchs : 1 - Remparts : 0.
9:33 of 1st period - Max Reinhart wins face-off versus Tim Schaller in neutral zone.
9:38 of 1st period - Snap shot by Max Reinhart.
9:38 of 1st period - Shot Misses the Net.
10:20 of 1st period - Snap shot by Sam Reinhart.
10:20 of 1st period - Shot Misses the Net.
10:50 of 1st period - Snap shot by Nicolas Deslauriers.
10:50 of 1st period - Goal by Nicolas Deslauriers - Monarchs : 2 - Remparts : 0.
10:51 of 1st period - Tim Schaller wins face-off versus Max Reinhart in neutral zone.
11:02 of 1st period - Snap shot by Pontus Aberg.
11:02 of 1st period - Stopped by Jason Missiaen with a rebound.
11:04 of 1st period - Snap shot by Max Reinhart.
11:04 of 1st period - Shot Misses the Net.
11:06 of 1st period - Snap shot by Pontus Aberg.
11:06 of 1st period - Stopped by Jason Missiaen with a rebound.
11:37 of 1st period - Mark Pysyk is hit by Niklas Hansson.
11:41 of 1st period - Anthony Mantha is hit by Jake Virtanen.
11:47 of 1st period - Slapshot by Anthony Mantha.
11:47 of 1st period - Stopped by Garret Sparks without a rebound.
11:48 of 1st period - Tim Schaller wins face-off versus Max Reinhart in Remparts zone.
12:13 of 1st period - Luke Witkowski is hit by William Colbert and loses puck.
12:42 of 1st period - Wrist shot by Nail Yakupov.
12:42 of 1st period - Stopped by Jason Missiaen with a rebound.
13:03 of 1st period - Jake Virtanen is hit by Aaron Ekblad and loses puck.
14:00 of 1st period - Slapshot by Cédric Lalonde-McNicoll.
14:00 of 1st period - Shot Misses the Net.
14:02 of 1st period - Snap shot by Matt Puempel.
14:02 of 1st period - Shot Blocked by Luke Witkowski.
14:04 of 1st period - Snap shot by Nail Yakupov.
14:04 of 1st period - Shot Misses the Net.
14:10 of 1st period - Snap shot by Cédric Lalonde-McNicoll.
14:10 of 1st period - Deflect By Nail Yakupov.
14:10 of 1st period - Shot Misses the Net.
14:10 of 1st period - Puck is out of play.
14:11 of 1st period - Tim Schaller wins face-off versus Max Reinhart in Monarchs zone.
14:38 of 1st period - Guillaume Desbiens is hit by Luke Witkowski and loses puck.
14:45 of 1st period - Zach Trotman is hit by Jonathan Matsumoto and loses puck.
15:00 of 1st period - Wrist shot by Chris Tierney.
15:00 of 1st period - Shot Misses the Net.
15:02 of 1st period - Snap shot by JT Compher.
15:02 of 1st period - Stopped by Garret Sparks with a rebound.
15:04 of 1st period - Wrist shot by Anthony Mantha.
15:04 of 1st period - Stopped by Garret Sparks without a rebound.
15:05 of 1st period - Max Reinhart wins face-off versus Tim Schaller in Remparts zone.
16:01 of 1st period - Nail Yakupov is hit by Josh Morrissey and loses puck.
16:34 of 1st period - Max Reinhart is hit by Aaron Ekblad and loses puck.
16:43 of 1st period - Slapshot by Rickard Rakell.
16:43 of 1st period - Shot Blocked by Mark Pysyk.
17:07 of 1st period - Guillaume Desbiens is hit by Aaron Ekblad and loses puck.
17:24 of 1st period - Snap shot by JT Compher.
17:24 of 1st period - Goal by JT Compher - Monarchs : 3 - Remparts : 0.
17:25 of 1st period - Max Reinhart wins face-off versus Tim Schaller in neutral zone.
17:28 of 1st period - Slapshot by Pontus Aberg.
17:28 of 1st period - Stopped by Jason Missiaen with a rebound.
17:30 of 1st period - Wrist shot by Rickard Rakell.
17:30 of 1st period - Shot Misses the Net.
17:32 of 1st period - Snap shot by Pontus Aberg.
17:32 of 1st period - Shot Hit the Post.
17:34 of 1st period - Wrist shot by Rickard Rakell.
17:34 of 1st period - Shot Blocked by Tim Schaller.
17:36 of 1st period - Snap shot by Rickard Rakell.
17:36 of 1st period - Shot Blocked by Zach Trotman.
17:38 of 1st period - Slapshot by William Colbert.
17:38 of 1st period - Stopped by Jason Missiaen with a rebound.
17:40 of 1st period - Slapshot by William Colbert.
17:40 of 1st period - Stopped by Jason Missiaen without a rebound.
17:41 of 1st period - Jonathan Matsumoto wins face-off versus Chris Tierney in Monarchs zone.
18:06 of 1st period - William Colbert is hit by Tim Schaller and loses puck.
18:27 of 1st period - Snap shot by William Colbert.
18:27 of 1st period - Stopped by Jason Missiaen without a rebound.
18:28 of 1st period - Cédric Lalonde-McNicoll wins face-off versus Chase De Leo in Monarchs zone.
18:37 of 1st period - Slapshot by Nail Yakupov.
18:37 of 1st period - Deflect By Cédric Lalonde-McNicoll.
18:37 of 1st period - Shot Misses the Net.
18:37 of 1st period - Puck is out of play.
18:38 of 1st period - Max Reinhart wins face-off versus Tim Schaller in Monarchs zone.
18:45 of 1st period - Snap shot by Pontus Aberg.
18:45 of 1st period - Deflect By Max Reinhart.
18:45 of 1st period - Shot Blocked by Mark Pysyk.
18:45 of 1st period - Puck is out of play.
18:46 of 1st period - Tim Schaller wins face-off versus Max Reinhart in Monarchs zone.
18:46 of 1st period - Tim Schaller is hit by William Colbert.
18:52 of 1st period - Snap shot by Tim Schaller.
18:52 of 1st period - Stopped by Garret Sparks with a rebound.
19:00 of 1st period - Snap shot by Jimmy Hayes.
19:00 of 1st period - Shot Misses the Net.
19:02 of 1st period - Snap shot by Max Domi.
19:02 of 1st period - Goal by Max Domi - Monarchs : 4 - Remparts : 0.
19:02 of 1st period - Igor Bobkov enters game.
19:03 of 1st period - Max Reinhart wins face-off versus Max Domi in neutral zone.
19:05 of 1st period - Minor Penalty to Michal Jordan for Hooking.
19:06 of 1st period - Chris Tierney wins face-off versus Rickard Rakell in Remparts zone.
19:41 of 1st period - Wrist shot by Jimmy Hayes.
19:41 of 1st period - Shot Misses the Net.
19:43 of 1st period - Snap shot by Jimmy Hayes.
19:43 of 1st period - Goal by Jimmy Hayes - Monarchs : 5 - Remparts : 0.
19:44 of 1st period - Jonathan Matsumoto wins face-off versus Chris Tierney in neutral zone.
19:49 of 1st period - Snap shot by Guillaume Desbiens.
19:49 of 1st period - Stopped by Jason Missiaen with a rebound.
Goals for this period are 5 for Monarchs vs 0 for Remparts.
Shots for this period are 14 for Monarchs vs 9 for Remparts.
2nd period
0:01 of 2nd period - Max Domi wins face-off versus Max Reinhart in neutral zone.
0:10 of 2nd period - Slapshot by Tim Schaller.
0:10 of 2nd period - Shot Blocked by William Colbert.
0:47 of 2nd period - Icing by Guillaume Desbiens.
0:48 of 2nd period - Chris Tierney wins face-off versus Cédric Lalonde-McNicoll in Remparts zone.
1:03 of 2nd period - Wrist shot by Cédric Lalonde-McNicoll.
1:03 of 2nd period - Shot Misses the Net.
1:55 of 2nd period - Slapshot by Nicolas Deslauriers.
1:55 of 2nd period - Shot Misses the Net.
1:57 of 2nd period - Slapshot by Brett Connolly.
1:57 of 2nd period - Stopped by Igor Bobkov without a rebound.
1:58 of 2nd period - Cedric Paquette wins face-off versus Roberts Lipsbergs in Remparts zone.
2:23 of 2nd period - Snap shot by Sam Reinhart.
2:23 of 2nd period - Stopped by Jason Missiaen without a rebound.
2:24 of 2nd period - Max Reinhart wins face-off versus Tim Schaller in Monarchs zone.
2:29 of 2nd period - Snap shot by Pontus Aberg.
2:29 of 2nd period - Stopped by Jason Missiaen with a rebound.
2:31 of 2nd period - Snap shot by Rickard Rakell.
2:31 of 2nd period - Stopped by Jason Missiaen with a rebound.
2:33 of 2nd period - Slapshot by Michal Jordan.
2:33 of 2nd period - Shot Blocked by Mark Pysyk.
2:51 of 2nd period - Michal Jordan is hit by Chris Tierney and loses puck.
2:58 of 2nd period - Snap shot by Anthony Mantha.
2:58 of 2nd period - Stopped by Igor Bobkov with a rebound.
3:21 of 2nd period - Wrist shot by Matt Puempel.
3:21 of 2nd period - Stopped by Jason Missiaen without a rebound.
3:22 of 2nd period - Max Reinhart wins face-off versus Tim Schaller in Monarchs zone.
3:27 of 2nd period - Snap shot by Max Reinhart.
3:27 of 2nd period - Deflect By Rickard Rakell.
3:27 of 2nd period - Stopped by Jason Missiaen with a rebound.
3:35 of 2nd period - Snap shot by Pontus Aberg.
3:35 of 2nd period - Stopped by Jason Missiaen without a rebound.
3:36 of 2nd period - Jonathan Matsumoto wins face-off versus Chris Tierney in Monarchs zone.
4:04 of 2nd period - Snap shot by JT Compher.
4:04 of 2nd period - Stopped by Igor Bobkov without a rebound.
4:05 of 2nd period - Max Reinhart wins face-off versus Mike Hoffman in Remparts zone.
5:12 of 2nd period - Roberts Lipsbergs is hit by Nicolas Deslauriers and loses puck.
5:21 of 2nd period - Wrist shot by Brett Connolly.
5:21 of 2nd period - Shot Misses the Net.
5:23 of 2nd period - Slapshot by Aaron Ekblad.
5:23 of 2nd period - Goal by Aaron Ekblad - Monarchs : 6 - Remparts : 0.
5:24 of 2nd period - Max Reinhart wins face-off versus Chase De Leo in neutral zone.
5:36 of 2nd period - Snap shot by Rickard Rakell.
5:36 of 2nd period - Shot Misses the Net.
5:38 of 2nd period - Wrist shot by Pontus Aberg.
5:38 of 2nd period - Goal by Pontus Aberg - Monarchs : 6 - Remparts : 1.
5:39 of 2nd period - Tim Schaller wins face-off versus Max Reinhart in neutral zone.
6:11 of 2nd period - Griffin Reinhart is hit by Pontus Aberg and loses puck.
6:18 of 2nd period - Snap shot by Max Reinhart.
6:18 of 2nd period - Shot Hit the Post.
6:20 of 2nd period - Snap shot by Pontus Aberg.
6:20 of 2nd period - Stopped by Jason Missiaen with a rebound.
6:22 of 2nd period - Slapshot by Niklas Hansson.
6:22 of 2nd period - Stopped by Jason Missiaen with a rebound.
6:40 of 2nd period - Wrist shot by Rickard Rakell.
6:40 of 2nd period - Shot Misses the Net.
6:42 of 2nd period - Slapshot by Max Reinhart.
6:42 of 2nd period - Shot Misses the Net.
6:54 of 2nd period - Minor Penalty to JT Compher for Hooking.
6:55 of 2nd period - Chris Tierney wins face-off versus Jonathan Matsumoto in Monarchs zone.
7:35 of 2nd period - Jonathan Matsumoto is hit by Tim Schaller and loses puck.
8:54 of 2nd period - Penalty to JT Compher is over, JT Compher is back on ice.
9:10 of 2nd period - Minor Penalty to Jimmy Hayes for Roughing.
9:11 of 2nd period - Max Reinhart wins face-off versus Chris Tierney in Monarchs zone.
9:20 of 2nd period - Slapshot by Pontus Aberg.
9:20 of 2nd period - Stopped by Jason Missiaen with a rebound.
9:34 of 2nd period - Chris Tierney is hit by Brendan Perlini and loses puck.
11:10 of 2nd period - Penalty to Jimmy Hayes is over, Jimmy Hayes is back on ice.
12:07 of 2nd period - Chase De Leo is hit by Keaton Thompson.
12:26 of 2nd period - Icing by Jimmy Hayes.
12:27 of 2nd period - Sam Reinhart wins face-off versus Cedric Paquette in Monarchs zone.
12:34 of 2nd period - Slapshot by William Colbert.
12:34 of 2nd period - Shot Misses the Net.
12:54 of 2nd period - Tim Schaller is hit by Max Reinhart and loses puck.
12:59 of 2nd period - Snap shot by Rickard Rakell.
12:59 of 2nd period - Shot Blocked by Morgan Rielly.
13:15 of 2nd period - Wrist shot by Anthony Mantha.
13:15 of 2nd period - Stopped by Igor Bobkov with a rebound.
14:26 of 2nd period - Slapshot by Pontus Aberg.
14:26 of 2nd period - Shot Blocked by Griffin Reinhart.
14:44 of 2nd period - Slapshot by Guillaume Desbiens.
14:44 of 2nd period - Shot Misses the Net.
14:46 of 2nd period - Snap shot by Brendan Perlini.
14:46 of 2nd period - Stopped by Jason Missiaen with a rebound.
14:48 of 2nd period - Slapshot by Jonathan Matsumoto.
14:48 of 2nd period - Deflect By Brendan Perlini.
14:48 of 2nd period - Deflect By Jimmy Hayes.
14:48 of 2nd period - Stopped by Jason Missiaen without a rebound.
14:49 of 2nd period - Chase De Leo wins face-off versus Pontus Aberg in Monarchs zone.
14:49 of 2nd period - Chase De Leo is hit by William Colbert.
15:05 of 2nd period - Snap shot by Rickard Rakell.
15:05 of 2nd period - Stopped by Jason Missiaen without a rebound.
15:06 of 2nd period - Jonathan Matsumoto wins face-off versus Chris Tierney in Monarchs zone.
15:52 of 2nd period - Snap shot by Sam Reinhart.
15:52 of 2nd period - Shot Misses the Net.
16:20 of 2nd period - Wrist shot by Luke Witkowski.
16:20 of 2nd period - Stopped by Igor Bobkov with a rebound.
16:30 of 2nd period - Slapshot by Luke Witkowski.
16:30 of 2nd period - Shot Misses the Net.
16:32 of 2nd period - Slapshot by Mike Hoffman.
16:32 of 2nd period - Stopped by Igor Bobkov with a rebound.
16:34 of 2nd period - Slapshot by Aaron Ekblad.
16:34 of 2nd period - Shot Blocked by Niklas Hansson.
16:36 of 2nd period - Snap shot by Chase De Leo.
16:36 of 2nd period - Stopped by Igor Bobkov with a rebound.
16:38 of 2nd period - Wrist shot by Mike Hoffman.
16:38 of 2nd period - Stopped by Igor Bobkov without a rebound.
16:39 of 2nd period - Max Reinhart wins face-off versus Tim Schaller in Remparts zone.
16:41 of 2nd period - Minor Penalty to Rickard Rakell for Delaying the game.
16:42 of 2nd period - Max Reinhart wins face-off versus Chris Tierney in Remparts zone.
16:50 of 2nd period - Jake Virtanen is hit by Aaron Ekblad and loses puck.
17:14 of 2nd period - Max Reinhart is hit by Anthony Mantha and loses puck.
17:25 of 2nd period - Wrist shot by Anthony Mantha.
17:25 of 2nd period - Deflect By Chris Tierney.
17:25 of 2nd period - Shot Misses the Net.
17:25 of 2nd period - Puck is out of play.
17:26 of 2nd period - Max Reinhart wins face-off versus JT Compher in Remparts zone.
17:39 of 2nd period - Snap shot by Tim Schaller.
17:39 of 2nd period - Deflect By Roberts Lipsbergs.
17:39 of 2nd period - Stopped by Igor Bobkov without a rebound.
17:40 of 2nd period - Tim Schaller wins face-off versus Jake Virtanen in Remparts zone.
18:11 of 2nd period - Snap shot by Chris Tierney.
18:11 of 2nd period - Goal by Chris Tierney - Monarchs : 7 - Remparts : 1.
18:12 of 2nd period - Jonathan Matsumoto wins face-off versus Tim Schaller in neutral zone.
19:05 of 2nd period - Snap shot by Luke Witkowski.
19:05 of 2nd period - Shot Blocked by Viktor Baldayev.
19:07 of 2nd period - Slapshot by Mike Hoffman.
19:07 of 2nd period - Shot Misses the Net.
19:09 of 2nd period - Wrist shot by Luke Witkowski.
19:09 of 2nd period - Goal by Luke Witkowski - Monarchs : 8 - Remparts : 1.
19:09 of 2nd period - Garret Sparks enters game.
19:10 of 2nd period - Max Reinhart wins face-off versus Tim Schaller in neutral zone.
19:17 of 2nd period - Slapshot by Tim Schaller.
19:17 of 2nd period - Stopped by Garret Sparks with a rebound.
19:19 of 2nd period - Wrist shot by Aaron Ekblad.
19:19 of 2nd period - Deflect By Tim Schaller.
19:19 of 2nd period - Deflect By Max Reinhart.
19:19 of 2nd period - Stopped by Garret Sparks with a rebound.
19:21 of 2nd period - Slapshot by Tim Schaller.
19:21 of 2nd period - Stopped by Garret Sparks without a rebound.
19:22 of 2nd period - Max Reinhart wins face-off versus Tim Schaller in Remparts zone.
19:31 of 2nd period - Slapshot by Michal Jordan.
19:31 of 2nd period - Stopped by Jason Missiaen without a rebound.
19:32 of 2nd period - Max Reinhart wins face-off versus Tim Schaller in Monarchs zone.
19:41 of 2nd period - Backhand shot by Max Domi.
19:41 of 2nd period - Shot Misses the Net.
19:50 of 2nd period - Off-side.
19:51 of 2nd period - Chase De Leo wins face-off versus Jonathan Matsumoto in neutral zone.
19:56 of 2nd period - Wrist shot by Luke Witkowski.
19:56 of 2nd period - Stopped by Garret Sparks with a rebound.
Goals for this period are 3 for Monarchs vs 1 for Remparts.
Shots for this period are 16 for Monarchs vs 14 for Remparts.
3rd period
0:01 of 3rd period - Tim Schaller wins face-off versus Max Reinhart in neutral zone.
0:12 of 3rd period - Wrist shot by Max Domi.
0:12 of 3rd period - Stopped by Garret Sparks without a rebound.
0:13 of 3rd period - Tim Schaller wins face-off versus Max Reinhart in Remparts zone.
0:16 of 3rd period - Wrist shot by Jimmy Hayes.
0:16 of 3rd period - Shot Misses the Net.
0:38 of 3rd period - Chase De Leo is hit by William Colbert and loses puck.
0:48 of 3rd period - Icing by Mike Hoffman.
0:49 of 3rd period - Max Reinhart wins face-off versus Chase De Leo in Monarchs zone.
1:50 of 3rd period - Snap shot by Luke Witkowski.
1:50 of 3rd period - Stopped by Garret Sparks without a rebound.
1:51 of 3rd period - Max Reinhart wins face-off versus Chris Tierney in Remparts zone.
2:16 of 3rd period - Tim Schaller is hit by Michal Jordan and loses puck.
2:31 of 3rd period - Minor Penalty to William Colbert for Interference.
2:32 of 3rd period - Chris Tierney wins face-off versus Max Reinhart in Remparts zone.
2:35 of 3rd period - Slapshot by Anthony Mantha.
2:35 of 3rd period - Deflect By Chris Tierney.
2:35 of 3rd period - Stopped by Garret Sparks without a rebound.
2:36 of 3rd period - Chris Tierney wins face-off versus Max Reinhart in Remparts zone.
2:49 of 3rd period - Niklas Hansson is hit by Chris Tierney and loses puck.
3:15 of 3rd period - Wrist shot by Max Domi.
3:15 of 3rd period - Stopped by Garret Sparks with a rebound.
3:17 of 3rd period - Slapshot by Chris Tierney.
3:17 of 3rd period - Shot Misses the Net.
3:27 of 3rd period - Snap shot by Max Domi.
3:27 of 3rd period - Shot Misses the Net.
3:29 of 3rd period - Snap shot by Max Domi.
3:29 of 3rd period - Stopped by Garret Sparks without a rebound.
3:30 of 3rd period - Tim Schaller wins face-off versus Max Reinhart in Remparts zone.
4:05 of 3rd period - Viktor Baldayev is hit by Mark Pysyk and loses puck.
4:16 of 3rd period - Max Domi is hit by Roberts Lipsbergs and loses puck.
4:27 of 3rd period - Slapshot by Jake Virtanen.
4:27 of 3rd period - Stopped by Jason Missiaen without a rebound.
4:28 of 3rd period - Max Reinhart wins face-off versus Tim Schaller in Monarchs zone.
4:31 of 3rd period - Penalty to William Colbert is over, William Colbert is back on ice.
4:43 of 3rd period - Slapshot by Cédric Lalonde-McNicoll.
4:43 of 3rd period - Shot Misses the Net.
4:49 of 3rd period - Nelson Nogier is hit by Aaron Ekblad and loses puck.
5:20 of 3rd period - Zach Trotman is hit by Max Reinhart.
5:30 of 3rd period - Snap shot by Rickard Rakell.
5:30 of 3rd period - Stopped by Jason Missiaen with a rebound.
5:39 of 3rd period - Off-side.
5:40 of 3rd period - Chase De Leo wins face-off versus Sam Reinhart in neutral zone.
6:58 of 3rd period - Snap shot by Guillaume Desbiens.
6:58 of 3rd period - Shot Misses the Net.
7:16 of 3rd period - Snap shot by Max Domi.
7:16 of 3rd period - Stopped by Garret Sparks without a rebound.
7:17 of 3rd period - Tim Schaller wins face-off versus Max Reinhart in Remparts zone.
7:22 of 3rd period - Wrist shot by Tim Schaller.
7:22 of 3rd period - Stopped by Garret Sparks without a rebound.
7:23 of 3rd period - Tim Schaller wins face-off versus Max Reinhart in Remparts zone.
7:24 of 3rd period - Snap shot by Jimmy Hayes.
7:24 of 3rd period - Goal by Jimmy Hayes - Monarchs : 9 - Remparts : 1.
7:25 of 3rd period - Max Reinhart wins face-off versus Tim Schaller in neutral zone.
7:41 of 3rd period - Wrist shot by Jimmy Hayes.
7:41 of 3rd period - Deflect By Max Domi.
7:41 of 3rd period - Shot Blocked by Viktor Baldayev.
7:41 of 3rd period - Puck is out of play.
7:42 of 3rd period - Jonathan Matsumoto wins face-off versus Chris Tierney in Remparts zone.
8:32 of 3rd period - Snap shot by Sam Reinhart.
8:32 of 3rd period - Shot Hit the Post.
9:45 of 3rd period - Wrist shot by Rickard Rakell.
9:45 of 3rd period - Stopped by Jason Missiaen with a rebound.
9:52 of 3rd period - Icing by Nelson Nogier.
9:53 of 3rd period - Tim Schaller wins face-off versus Jake Virtanen in Remparts zone.
9:58 of 3rd period - Snap shot by Jimmy Hayes.
9:58 of 3rd period - Stopped by Garret Sparks with a rebound.
11:58 of 3rd period - Icing by Zach Trotman.
11:59 of 3rd period - Jonathan Matsumoto wins face-off versus Cedric Paquette in Monarchs zone.
12:11 of 3rd period - Zach Trotman is hit by Guillaume Desbiens and loses puck.
12:53 of 3rd period - Snap shot by Jonathan Matsumoto.
12:53 of 3rd period - Deflect By Brendan Perlini.
12:53 of 3rd period - Shot Misses the Net.
12:53 of 3rd period - Puck is out of play.
12:54 of 3rd period - Max Reinhart wins face-off versus Tim Schaller in Monarchs zone.
12:55 of 3rd period - Snap shot by Rickard Rakell.
12:55 of 3rd period - Shot Misses the Net.
13:09 of 3rd period - Snap shot by Jimmy Hayes.
13:09 of 3rd period - Shot Misses the Net.
13:19 of 3rd period - Luke Witkowski is hit by Cédric Lalonde-McNicoll and loses puck.
13:28 of 3rd period - Viktor Baldayev is hit by Morgan Rielly and loses puck.
13:49 of 3rd period - Snap shot by Jake Virtanen.
13:49 of 3rd period - Shot Blocked by Griffin Reinhart.
14:14 of 3rd period - Anthony Mantha is hit by Matt Puempel.
14:28 of 3rd period - Icing by JT Compher.
14:29 of 3rd period - Anthony Mantha wins face-off versus Jonathan Matsumoto in Monarchs zone.
14:34 of 3rd period - Guillaume Desbiens is hit by Jimmy Hayes and loses puck.
14:54 of 3rd period - Minor Penalty to Chase De Leo for Tripping.
14:55 of 3rd period - Pontus Aberg wins face-off versus Chris Tierney in Monarchs zone.
15:57 of 3rd period - Chris Tierney is hit by Viktor Baldayev and loses puck.
16:24 of 3rd period - John Draeger is hit by Rickard Rakell and loses puck.
16:54 of 3rd period - Penalty to Chase De Leo is over, Chase De Leo is back on ice.
17:05 of 3rd period - Aaron Ekblad is hit by Matt Puempel and loses puck.
17:20 of 3rd period - Nicolas Deslauriers is hit by Sam Reinhart and loses puck.
17:52 of 3rd period - Snap shot by Luke Witkowski.
17:52 of 3rd period - Shot Misses the Net.
17:54 of 3rd period - Slapshot by Josh Morrissey.
17:54 of 3rd period - Stopped by Garret Sparks with a rebound.
18:43 of 3rd period - Icing by Morgan Rielly.
18:44 of 3rd period - Jonathan Matsumoto wins face-off versus Cedric Paquette in Monarchs zone.
19:12 of 3rd period - Wrist shot by Nail Yakupov.
19:12 of 3rd period - Deflect By Cédric Lalonde-McNicoll.
19:12 of 3rd period - Shot Blocked by Griffin Reinhart.
19:12 of 3rd period - Puck is out of play.
19:13 of 3rd period - Max Reinhart wins face-off versus Chase De Leo in Monarchs zone.
19:16 of 3rd period - Wrist shot by Rickard Rakell.
19:16 of 3rd period - Stopped by Jason Missiaen with a rebound.
19:20 of 3rd period - Wrist shot by Pontus Aberg.
19:20 of 3rd period - Stopped by Jason Missiaen with a rebound.
19:22 of 3rd period - Slapshot by Niklas Hansson.
19:22 of 3rd period - Shot Misses the Net.
19:30 of 3rd period - Mark Pysyk is hit by Viktor Baldayev and loses puck.
Goals for this period are 1 for Monarchs vs 0 for Remparts.
Shots for this period are 10 for Monarchs vs 5 for Remparts.
Back to the Top